Atomiques vs Senators
Created - November 24, 2019 at 20:37
Goals
|
| Atomiques |
1 |
2 |
1 |
4 |
| Senators |
1 |
1 |
3 |
5 |
|
Shots
|
| Atomiques |
16 |
8 |
12 |
36 |
| Senators |
6 |
7 |
15 |
28 |
|
1st period
1. Senators , Jan Mursak 8 (Tomas Jurco 7) at 5:06
2. Atomiques , Taylor Beck 9 (Christoph Bertschy 8, Jack Skille 4) at 8:53
Penalties :
Brett Bulmer (BIN) for Holding (Minor) at 17:01
2nd period
3. Senators , Dylan Blujus 1 (Scott Harrington 12, Justin Peters) at 1:08
4. Atomiques , Michael Chaput 6 (Nikolaj Ehlers 8, Colby Cohen 2) at 14:40
5. Atomiques , Bobby Farnham 1 (Brandon McMillan 2, John Draeger 5) at 19:49
Penalties :
Brandon McMillan (STB) for Tripping (Minor) at 4:58, Matt Frattin (BIN) for High sticking (Minor) at 19:58
3rd period
6. Atomiques , Brandon McMillan 7 (Bobby Farnham 3, Colby Cohen 3) at 3:06
7. Senators , Tomas Jurco 5 (Jack Dougherty 2, Jan Mursak 7) at 17:32
8. Senators , Matt Frattin 12 (Nick Foligno 15, Zemgus Girgensons 12) at 17:36
9. Senators , Matt Frattin 13 (Nick Foligno 16, Dylan Blujus 8) at 17:46
Penalties :
Scott Harrington (BIN) for Boarding (Minor) at 3:43, Jack Dougherty (BIN) for Interference (Minor) at 8:38
Goalie Stats
Andrew Hammond (STB), 23 saves from 28 shots - (0.821), L, 1-4-0, 59:24 minutes
Justin Peters (BIN), 32 saves from 36 shots - (0.889), W, 6-5-0, 60:00 minutes
Players Stats for Atomiques
Player Name G A P +/- PIM S H SB GA TA FO MP PP MP PK MP
------------------------------------------------------------------------------------
Bobby Farnham 1 1 2 1 0 2 0 0 1 0 0/0 9:35 0:00 0:00
Brandon McMillan 1 1 2 1 2 1 0 1 1 0 0/0 9:34 0:00 0:00
Brandon Saad 0 0 0 0 0 3 1 0 0 0 1/2 19:58 4:16 0:48
Chris Tierney 0 0 0 0 0 2 1 0 0 0 21/37 20:31 4:16 1:08
Christoph Bertschy 0 1 1 -2 0 0 1 0 0 0 6/14 17:46 3:40 0:51
Colby Cohen 0 2 2 2 0 0 1 1 0 0 0/0 11:30 0:00 0:00
Connor Clifton 0 0 0 2 0 1 0 4 0 0 0/0 12:07 0:14 0:00
Dennis Everberg 0 0 0 0 0 9 3 0 1 0 0/0 17:59 4:16 0:00
Jack Skille 0 1 1 -2 0 2 2 0 1 0 0/0 13:36 0:00 0:00
Jacob De La Rose 0 0 0 1 0 0 1 0 0 0 2/3 9:35 0:00 0:00
John Draeger 0 1 1 -1 0 2 5 1 1 1 0/0 21:22 3:10 0:56
Matt Tennyson 0 0 0 -2 0 2 4 1 1 1 0/0 27:05 4:46 1:03
Michael Chaput 1 0 1 0 0 2 2 0 2 2 1/3 12:08 0:00 0:00
Nikolaj Ehlers 0 1 1 0 0 2 3 0 0 0 1/1 16:51 3:40 0:00
Taylor Beck 1 0 1 -2 0 7 1 0 3 0 0/0 14:47 0:00 1:11
Travis Sanheim 0 0 0 -2 0 0 3 5 2 0 0/0 26:17 4:32 1:03
Wiley Sherman 0 0 0 -1 0 1 0 1 0 0 0/0 21:39 3:10 0:56
William Nylander 0 0 0 0 0 0 1 0 0 0 0/0 15:40 3:40 0:00
Players Stats for Senators
Player Name G A P +/- PIM S H SB GA TA FO MP PP MP PK MP
------------------------------------------------------------------------------------
Adam Ollas-Mattsson 0 0 0 0 0 2 1 0 0 2 0/0 13:50 0:00 1:35
Andy Andreoff 0 0 0 -2 0 2 0 0 0 0 0/0 15:36 0:00 2:59
Blake Coleman 0 0 0 1 0 0 1 0 0 0 5/9 15:26 1:01 0:00
Brett Bulmer 0 0 0 -2 2 0 1 0 0 0 0/0 5:34 0:00 0:00
Dylan Blujus 1 1 2 2 0 1 2 3 1 2 0/0 27:12 1:13 4:54
Grant Besse 0 0 0 1 0 0 0 0 0 0 0/0 6:45 0:00 0:00
Jack Dougherty 0 1 1 -1 2 3 1 2 1 1 0/0 19:43 0:46 2:36
Jan Mursak 1 1 2 2 0 4 2 1 0 0 0/0 18:40 1:01 4:31
Keegan Lowe 0 0 0 -1 0 0 2 1 0 1 0/0 17:14 0:46 2:36
Mason Geertsen 0 0 0 0 0 0 4 1 0 3 0/0 13:46 0:00 0:26
Matt Frattin 2 0 2 1 2 7 2 0 0 1 1/2 19:11 0:58 1:29
Maxim Letunov 0 0 0 -2 0 1 0 0 0 1 0/4 11:55 0:00 0:00
Michal Repik 0 0 0 -2 0 1 1 1 0 0 1/1 11:55 0:00 0:00
Nick Foligno 0 2 2 3 0 2 2 0 0 1 8/16 24:30 0:58 4:29
Patrick Maroon 0 0 0 1 0 1 1 0 0 0 0/0 8:35 0:00 1:36
Scott Harrington 0 1 1 2 2 1 0 1 0 1 0/0 27:22 1:13 3:45
Tomas Jurco 1 1 2 1 0 2 2 1 2 0 0/0 15:26 1:01 0:00
Warren Foegele 0 0 0 0 0 0 0 0 0 0 0/0 0:30 0:00 0:00
Zemgus Girgensons 0 1 1 1 0 1 0 1 0 0 13/28 18:50 0:58 0:48
3 Stars
1 - Dylan Blujus (BIN)
2 - Jan Mursak (BIN)
3 - Matt Frattin (BIN)
Power Play
Atomiques - 0 on 4 Attempt(s) - 0.00%
Senators - 0 on 1 Attempt(s) - 0.00%
Penalty Kill
Atomiques - 1 on 1 Attempt(s) - 100.00%
- Score 0 goal in Penalty Kill
Senators - 4 on 4 Attempt(s) - 100.00%
- Score 0 goal in Penalty Kill
Team Stat
Atomiques - Hits : 29 - Faceoff Wins : 32 - Blocked Shots : 14 - Penalty Minutes : 2
Senators - Hits : 22 - Faceoff Wins : 28 - Blocked Shots : 12 - Penalty Minutes : 8
Official
Referees : Unknown
Linesman : Unknown
Game Notes
Keegan Lowe is injured at 7:40 of 3rd period (Lower Body)
Finance
Level 1 -- Attendance: 1537 (76.85%) -- Ticket Income $50,721
Level 2 -- Attendance: 705 (70.50%) -- Ticket Income $10,575
Total Attendance: 2242 (74.73%)
Total Ticket Income: $61,296
Other Income: $3,065
Total Income: $64,361
Atomiques
5 vs 5 Forward
Center Left Wing Right Wing Time % Phy DF OF
1 Chris Tierney Brandon Saad Dennis Everberg 35 0 2 3
2 Michael Chaput Nikolaj Ehlers William Nylander 30 0 1 4
3 Christoph Bertschy Taylor Beck Jack Skille 30 1 2 2
4 Jacob De La Rose Brandon McMillan Bobby Farnham 5 1 2 2
5 vs 5 Defense
Defense Defense Time % Phy DF OF
1 Travis Sanheim Matt Tennyson 40 0 2 3
2 Wiley Sherman John Draeger 30 0 2 3
3 Colby Cohen Connor Clifton 20 1 2 2
4 Travis Sanheim Matt Tennyson 10 1 2 2
PowerPlay Forward
Center Left Wing Right Wing Time % Phy DF OF
1 Chris Tierney Brandon Saad Dennis Everberg 60 1 2 2
2 Christoph Bertschy Nikolaj Ehlers William Nylander 40 1 2 2
PowerPlay Defense
Defense Defense Time % Phy DF OF
1 Travis Sanheim Matt Tennyson 60 1 2 2
2 Wiley Sherman John Draeger 40 1 2 2
Penalty Kill 4 Players Forward
Center Wing Time % Phy DF OF
1 Chris Tierney Brandon McMillan 60 1 3 1
2 Jacob De La Rose Dennis Everberg 40 1 3 1
Penalty Kill 4 Players Defense
Defense Defense Time % Phy DF OF
1 Travis Sanheim Matt Tennyson 60 1 3 1
2 Wiley Sherman John Draeger 40 1 3 1
Penalty Kill - 3 Players Forward
Forward Time % Phy DF OF
1 Chris Tierney 60 1 3 1
2 Jacob De La Rose 40 1 3 1
Penalty Kill - 3 Players Defense
Defense Defense Time % Phy DF OF
1 Travis Sanheim Matt Tennyson 60 1 3 1
2 Wiley Sherman John Draeger 40 1 3 1
4 vs 4 Forward
Center Wing Time % Phy DF OF
1 Chris Tierney Brandon Saad 60 0 2 3
2 Taylor Beck Nikolaj Ehlers 40 0 1 4
4 vs 4 Defense
Defense Defense Time % Phy DF OF
1 Travis Sanheim Matt Tennyson 60 0 2 3
2 Wiley Sherman John Draeger 40 0 2 3
Last Minutes Offensive
Center Left Wing Right Wing Defense Defense
Chris Tierney Brandon Saad Nikolaj Ehlers Travis Sanheim Matt Tennyson
Last Minutes Defensive
Center Left Wing Right Wing Defense Defense
Chris Tierney Brandon McMillan Dennis Everberg John Draeger Wiley Sherman
Goaltenders
Starting : Andrew Hammond
Backup : Thatcher Demko
Extra Forwards
Normal : Taylor Beck, Brandon Saad, William Nylander - PP : William Nylander, Dennis Everberg - PK : Brandon McMillan
Extra Defensemen
Normal : John Draeger, Wiley Sherman, Matt Tennyson - PP : Travis Sanheim - PK : Wiley Sherman, Travis Sanheim
Penalty Shots
Taylor Beck, Christoph Bertschy, William Nylander, Dennis Everberg, Nikolaj Ehlers
Scratches
Mike Halmo (Healthy), Freddie Hamilton (Healthy), Max McCormick (Healthy), Dalton Smith (Healthy), Joseph Cramarossa (Healthy)
Carl Dahlstrom (Healthy), Anthony Nigro (Healthy), Axel Holmstrom (Healthy), Eric Mestery (Healthy), Keegan Iverson (Healthy)
Connor Hellebyuk (Healthy)
Senators
5 vs 5 Forward
Center Left Wing Right Wing Time % Phy DF OF
1 Zemgus Girgensons Nick Foligno Matt Frattin 40 1 2 2
2 Blake Coleman Jan Mursak Tomas Jurco 30 1 2 2
3 Maxim Letunov Andy Andreoff Michal Repik 20 1 2 2
4 Nick Foligno Patrick Maroon Grant Besse 10 1 2 2
5 vs 5 Defense
Defense Defense Time % Phy DF OF
1 Dylan Blujus Scott Harrington 40 1 2 2
2 Keegan Lowe Jack Dougherty 30 1 2 2
3 Mason Geertsen Adam Ollas-Mattsson 20 1 2 2
4 Dylan Blujus Scott Harrington 10 1 2 2
PowerPlay Forward
Center Left Wing Right Wing Time % Phy DF OF
1 Zemgus Girgensons Nick Foligno Matt Frattin 60 1 2 2
2 Blake Coleman Jan Mursak Tomas Jurco 40 1 2 2
PowerPlay Defense
Defense Defense Time % Phy DF OF
1 Dylan Blujus Scott Harrington 60 1 2 2
2 Keegan Lowe Jack Dougherty 40 1 2 2
Penalty Kill 4 Players Forward
Center Wing Time % Phy DF OF
1 Nick Foligno Jan Mursak 60 1 2 2
2 Matt Frattin Andy Andreoff 40 1 2 2
Penalty Kill 4 Players Defense
Defense Defense Time % Phy DF OF
1 Dylan Blujus Scott Harrington 60 1 2 2
2 Keegan Lowe Jack Dougherty 40 1 2 2
Penalty Kill - 3 Players Forward
Forward Time % Phy DF OF
1 Nick Foligno 60 1 2 2
2 Jan Mursak 40 1 2 2
Penalty Kill - 3 Players Defense
Defense Defense Time % Phy DF OF
1 Dylan Blujus Scott Harrington 60 1 2 2
2 Keegan Lowe Jack Dougherty 40 1 2 2
4 vs 4 Forward
Center Wing Time % Phy DF OF
1 Nick Foligno Jan Mursak 60 1 2 2
2 Matt Frattin Andy Andreoff 40 1 2 2
4 vs 4 Defense
Defense Defense Time % Phy DF OF
1 Dylan Blujus Scott Harrington 60 1 2 2
2 Keegan Lowe Jack Dougherty 40 1 2 2
Last Minutes Offensive
Center Left Wing Right Wing Defense Defense
Zemgus Girgensons Nick Foligno Matt Frattin Dylan Blujus Scott Harrington
Last Minutes Defensive
Center Left Wing Right Wing Defense Defense
Zemgus Girgensons Nick Foligno Matt Frattin Dylan Blujus Scott Harrington
Goaltenders
Starting : Justin Peters
Backup : Stephon Williams
Extra Forwards
Normal : Brett Bulmer, Warren Foegele, Patrick Maroon - PP : Brett Bulmer, Warren Foegele - PK : Patrick Maroon
Extra Defensemen
Normal : Mason Geertsen, Adam Ollas-Mattsson, Keegan Lowe - PP : Mason Geertsen - PK : Adam Ollas-Mattsson, Keegan Lowe
Penalty Shots
Nick Foligno, Jan Mursak, Matt Frattin, Andy Andreoff, Patrick Maroon
Scratches
Chandler Stephenson (Healthy), Jake Evans (Back Surgery Injury), Keven Bouchard (Healthy)
% Time on Ice - Atomiques
Lines # - Real PCT - Wanted PCT - Time Play
Normal Forward
1 - 28% - 35% - 13:43
2 - 25% - 30% - 12:00
3 - 28% - 30% - 13:36
4 - 20% - 5% - 9:35
Normal Defense
1 - 39% - 40% - 19:04
2 - 34% - 30% - 16:33
3 - 23% - 20% - 11:25
4 - 4% - 10% - 1:52
PP Forward
1 - 54% - 60% - 4:16
2 - 46% - 40% - 3:40
PP Defense
1 - 60% - 60% - 4:46
2 - 40% - 40% - 3:10
PK Forward
1 - 100% - 60% - 1:59
2 - 0% - 40% - 0:00
PK Defense
1 - 53% - 60% - 1:03
2 - 47% - 40% - 0:56
PK3 Forward
1 - 0% - 60%
2 - 0% - 40%
PK3 Defense
1 - 0% - 60%
2 - 0% - 40%
44 Forward
1 - 0% - 60%
2 - 0% - 40%
44 Defense
1 - 0% - 60%
2 - 0% - 40%
Last Minute Offensive - 1:11
Last Minute Defensive - 0:00
Total
Forward - 60:00
Defense - 60:00
|
% Time on Ice - Senators
Lines # - Real PCT - Wanted PCT - Time Play
Normal Forward
1 - 32% - 40% - 15:25
2 - 30% - 30% - 14:50
3 - 24% - 20% - 11:55
4 - 14% - 10% - 6:45
Normal Defense
1 - 39% - 40% - 19:01
2 - 35% - 30% - 17:18
3 - 24% - 20% - 11:31
4 - 2% - 10% - 1:05
PP Forward
1 - 49% - 60% - 0:58
2 - 51% - 40% - 1:01
PP Defense
1 - 61% - 60% - 1:13
2 - 39% - 40% - 0:46
PK Forward
1 - 75% - 60% - 5:57
2 - 25% - 40% - 1:59
PK Defense
1 - 62% - 60% - 4:54
2 - 38% - 40% - 3:02
PK3 Forward
1 - 0% - 60%
2 - 0% - 40%
PK3 Defense
1 - 0% - 60%
2 - 0% - 40%
44 Forward
1 - 0% - 60%
2 - 0% - 40%
44 Defense
1 - 0% - 60%
2 - 0% - 40%
Last Minute Offensive - 0:00
Last Minute Defensive - 1:10
Total
Forward - 60:00
Defense - 60:00
|
Play-by-Play
1st period
0:01 of 1st period - Zemgus Girgensons wins face-off versus Chris Tierney in neutral zone.
1:12 of 1st period - Snap shot by Taylor Beck.
1:12 of 1st period - Stopped by Justin Peters without a rebound.
1:13 of 1st period - Jacob De La Rose wins face-off versus Nick Foligno in Senators zone.
1:38 of 1st period - Nick Foligno is hit by Michael Chaput and loses puck.
1:47 of 1st period - Snap shot by Patrick Maroon.
1:47 of 1st period - Stopped by Andrew Hammond without a rebound.
1:48 of 1st period - Chris Tierney wins face-off versus Blake Coleman in Atomiques zone.
3:16 of 1st period - Snap shot by Dennis Everberg.
3:16 of 1st period - Deflect By Brandon Saad.
3:16 of 1st period - Stopped by Justin Peters with a rebound.
3:18 of 1st period - Slapshot by John Draeger.
3:18 of 1st period - Deflect By Brandon Saad.
3:18 of 1st period - Shot Misses the Net.
3:18 of 1st period - Puck is out of play.
3:19 of 1st period - Christoph Bertschy wins face-off versus Maxim Letunov in Senators zone.
4:12 of 1st period - Off-side.
4:13 of 1st period - Christoph Bertschy wins face-off versus Zemgus Girgensons in neutral zone.
4:16 of 1st period - Slapshot by Nick Foligno.
4:16 of 1st period - Shot Misses the Net.
4:18 of 1st period - Wrist shot by Dylan Blujus.
4:18 of 1st period - Shot Blocked by Connor Clifton.
4:20 of 1st period - Slapshot by Nick Foligno.
4:20 of 1st period - Shot Misses the Net.
4:22 of 1st period - Wrist shot by Dylan Blujus.
4:22 of 1st period - Shot Misses the Net.
4:24 of 1st period - Slapshot by Zemgus Girgensons.
4:24 of 1st period - Stopped by Andrew Hammond with a rebound.
4:26 of 1st period - Snap shot by Scott Harrington.
4:26 of 1st period - Shot Blocked by Connor Clifton.
4:28 of 1st period - Snap shot by Nick Foligno.
4:28 of 1st period - Shot Misses the Net.
5:04 of 1st period - Wrist shot by Tomas Jurco.
5:04 of 1st period - Shot Blocked by Wiley Sherman.
5:06 of 1st period - Snap shot by Jan Mursak.
5:06 of 1st period - Goal by Jan Mursak - Atomiques : 0 - Senators : 1.
5:07 of 1st period - Chris Tierney wins face-off versus Zemgus Girgensons in neutral zone.
5:10 of 1st period - Slapshot by Brandon Saad.
5:10 of 1st period - Shot Misses the Net.
5:32 of 1st period - Tomas Jurco is hit by Nikolaj Ehlers and loses puck.
5:36 of 1st period - Icing by Tomas Jurco.
5:37 of 1st period - Blake Coleman wins face-off versus Michael Chaput in Senators zone.
5:56 of 1st period - Backhand shot by Nikolaj Ehlers.
5:56 of 1st period - Shot Misses the Net.
6:00 of 1st period - Snap shot by Michael Chaput.
6:00 of 1st period - Deflect By Jan Mursak.
6:00 of 1st period - Shot Misses the Net.
6:00 of 1st period - Puck is out of play.
6:01 of 1st period - Chris Tierney wins face-off versus Nick Foligno in Senators zone.
6:06 of 1st period - Wrist shot by Dennis Everberg.
6:06 of 1st period - Shot Misses the Net.
6:14 of 1st period - Wrist shot by Dennis Everberg.
6:14 of 1st period - Shot Misses the Net.
6:28 of 1st period - Snap shot by Taylor Beck.
6:28 of 1st period - Stopped by Justin Peters without a rebound.
6:29 of 1st period - Christoph Bertschy wins face-off versus Maxim Letunov in Senators zone.
6:45 of 1st period - Slapshot by Mason Geertsen.
6:45 of 1st period - Shot Misses the Net.
6:55 of 1st period - Matt Frattin is hit by Dennis Everberg and loses puck.
7:18 of 1st period - Snap shot by Nikolaj Ehlers.
7:18 of 1st period - Stopped by Justin Peters without a rebound.
7:19 of 1st period - Michael Chaput wins face-off versus Blake Coleman in Senators zone.
7:43 of 1st period - Wrist shot by Jan Mursak.
7:43 of 1st period - Shot Blocked by Colby Cohen.
7:45 of 1st period - Backhand shot by Jan Mursak.
7:45 of 1st period - Shot Blocked by Connor Clifton.
8:16 of 1st period - Wrist shot by Jan Mursak.
8:16 of 1st period - Stopped by Andrew Hammond with a rebound.
8:18 of 1st period - Slapshot by Jack Dougherty.
8:18 of 1st period - Stopped by Andrew Hammond without a rebound.
8:19 of 1st period - Chris Tierney wins face-off versus Zemgus Girgensons in Atomiques zone.
8:19 of 1st period - Chris Tierney is hit by Matt Frattin.
8:31 of 1st period - Wrist shot by Brandon Saad.
8:31 of 1st period - Deflect By Matt Frattin.
8:31 of 1st period - Stopped by Justin Peters without a rebound.
8:32 of 1st period - Nick Foligno wins face-off versus Chris Tierney in Senators zone.
8:37 of 1st period - Wrist shot by Matt Frattin.
8:37 of 1st period - Shot Misses the Net.
8:47 of 1st period - Slapshot by Dennis Everberg.
8:47 of 1st period - Stopped by Justin Peters without a rebound.
8:48 of 1st period - Christoph Bertschy wins face-off versus Maxim Letunov in Senators zone.
8:51 of 1st period - Snap shot by Christoph Bertschy.
8:51 of 1st period - Shot Misses the Net.
8:53 of 1st period - Wrist shot by Taylor Beck.
8:53 of 1st period - Goal by Taylor Beck - Atomiques : 1 - Senators : 1.
8:54 of 1st period - Zemgus Girgensons wins face-off versus Chris Tierney in neutral zone.
9:09 of 1st period - Snap shot by Dennis Everberg.
9:09 of 1st period - Stopped by Justin Peters with a rebound.
9:19 of 1st period - Wrist shot by Taylor Beck.
9:19 of 1st period - Stopped by Justin Peters without a rebound.
9:20 of 1st period - Christoph Bertschy wins face-off versus Maxim Letunov in Senators zone.
9:45 of 1st period - Matt Tennyson is hit by Michal Repik and loses puck.
10:14 of 1st period - Michal Repik is hit by Jack Skille and loses puck.
11:09 of 1st period - Wrist shot by Andy Andreoff.
11:09 of 1st period - Shot Misses the Net.
11:15 of 1st period - Wrist shot by Jack Skille.
11:15 of 1st period - Stopped by Justin Peters with a rebound.
11:17 of 1st period - Snap shot by Jack Skille.
11:17 of 1st period - Shot Blocked by Jack Dougherty.
11:21 of 1st period - Snap shot by Taylor Beck.
11:21 of 1st period - Stopped by Justin Peters with a rebound.
11:27 of 1st period - Snap shot by Jack Skille.
11:27 of 1st period - Shot Misses the Net.
11:29 of 1st period - Slapshot by Connor Clifton.
11:29 of 1st period - Stopped by Justin Peters with a rebound.
11:31 of 1st period - Wrist shot by Taylor Beck.
11:31 of 1st period - Shot Misses the Net.
11:33 of 1st period - Snap shot by Jack Skille.
11:33 of 1st period - Stopped by Justin Peters with a rebound.
11:35 of 1st period - Snap shot by Taylor Beck.
11:35 of 1st period - Stopped by Justin Peters without a rebound.
11:36 of 1st period - Chris Tierney wins face-off versus Matt Frattin in Senators zone.
12:30 of 1st period - Slapshot by Jan Mursak.
12:30 of 1st period - Shot Misses the Net.
12:32 of 1st period - Slapshot by Scott Harrington.
12:32 of 1st period - Shot Misses the Net.
12:34 of 1st period - Snap shot by Tomas Jurco.
12:34 of 1st period - Shot Misses the Net.
12:52 of 1st period - Wrist shot by Chris Tierney.
12:52 of 1st period - Deflect By Dennis Everberg.
12:52 of 1st period - Stopped by Justin Peters with a rebound.
12:54 of 1st period - Slapshot by Wiley Sherman.
12:54 of 1st period - Stopped by Justin Peters without a rebound.
12:55 of 1st period - Blake Coleman wins face-off versus Chris Tierney in Senators zone.
12:55 of 1st period - Blake Coleman is hit by Travis Sanheim.
13:01 of 1st period - Snap shot by Jan Mursak.
13:01 of 1st period - Stopped by Andrew Hammond with a rebound.
13:09 of 1st period - Snap shot by Brandon Saad.
13:09 of 1st period - Shot Blocked by Tomas Jurco.
13:44 of 1st period - Nick Foligno is hit by Jacob De La Rose.
14:48 of 1st period - Wiley Sherman is hit by Jack Dougherty and loses puck.
15:46 of 1st period - Jack Skille is hit by Jan Mursak and loses puck.
16:17 of 1st period - Nick Foligno is hit by Michael Chaput.
16:27 of 1st period - Matt Tennyson is hit by Brett Bulmer and loses puck.
17:01 of 1st period - Minor Penalty to Brett Bulmer for Holding.
17:02 of 1st period - Nick Foligno wins face-off versus Chris Tierney in Senators zone.
17:28 of 1st period - Nick Foligno is hit by John Draeger and loses puck.
17:37 of 1st period - Snap shot by Jan Mursak.
17:37 of 1st period - Shot Misses the Net.
18:50 of 1st period - Scott Harrington is hit by Matt Tennyson and loses puck.
19:01 of 1st period - Penalty to Brett Bulmer is over, Brett Bulmer is back on ice.
19:27 of 1st period - Chris Tierney is hit by Adam Ollas-Mattsson and loses puck.
Goals for this period are 1 for Atomiques vs 1 for Senators.
Shots for this period are 16 for Atomiques vs 6 for Senators.
2nd period
0:01 of 2nd period - Zemgus Girgensons wins face-off versus Chris Tierney in neutral zone.
0:48 of 2nd period - Snap shot by Michal Repik.
0:48 of 2nd period - Deflect By Andy Andreoff.
0:48 of 2nd period - Stopped by Andrew Hammond with a rebound.
0:50 of 2nd period - Slapshot by Scott Harrington.
0:50 of 2nd period - Stopped by Andrew Hammond with a rebound.
1:08 of 2nd period - Slapshot by Dylan Blujus.
1:08 of 2nd period - Goal by Dylan Blujus - Atomiques : 1 - Senators : 2.
1:09 of 2nd period - Chris Tierney wins face-off versus Zemgus Girgensons in neutral zone.
1:14 of 2nd period - Wrist shot by Brandon Saad.
1:14 of 2nd period - Stopped by Justin Peters with a rebound.
1:34 of 2nd period - Keegan Lowe is hit by Matt Tennyson and loses puck.
2:09 of 2nd period - Andy Andreoff is hit by Jack Skille and loses puck.
2:16 of 2nd period - Wiley Sherman is hit by Mason Geertsen.
2:32 of 2nd period - Snap shot by Michal Repik.
2:32 of 2nd period - Stopped by Andrew Hammond without a rebound.
2:33 of 2nd period - Brandon Saad wins face-off versus Zemgus Girgensons in Atomiques zone.
2:33 of 2nd period - Brandon Saad is hit by Nick Foligno.
2:43 of 2nd period - Snap shot by Dennis Everberg.
2:43 of 2nd period - Stopped by Justin Peters with a rebound.
2:45 of 2nd period - Slapshot by Matt Tennyson.
2:45 of 2nd period - Deflect By Dylan Blujus.
2:45 of 2nd period - Stopped by Justin Peters with a rebound.
2:47 of 2nd period - Slapshot by Matt Tennyson.
2:47 of 2nd period - Deflect By Chris Tierney.
2:47 of 2nd period - Shot Misses the Net.
2:47 of 2nd period - Puck is out of play.
2:48 of 2nd period - Blake Coleman wins face-off versus Michael Chaput in Senators zone.
2:48 of 2nd period - Blake Coleman is hit by Matt Tennyson.
2:54 of 2nd period - Matt Tennyson is hit by Dylan Blujus and loses puck.
4:22 of 2nd period - Wrist shot by Patrick Maroon.
4:22 of 2nd period - Shot Blocked by Connor Clifton.
4:58 of 2nd period - Minor Penalty to Brandon McMillan for Tripping.
4:59 of 2nd period - Chris Tierney wins face-off versus Zemgus Girgensons in Atomiques zone.
5:52 of 2nd period - Off-side.
5:53 of 2nd period - Chris Tierney wins face-off versus Zemgus Girgensons in neutral zone.
6:04 of 2nd period - Blake Coleman is hit by Taylor Beck and loses puck.
6:58 of 2nd period - Penalty to Brandon McMillan is over, Brandon McMillan is back on ice.
7:22 of 2nd period - Backhand shot by Tomas Jurco.
7:22 of 2nd period - Stopped by Andrew Hammond with a rebound.
7:32 of 2nd period - Wrist shot by Tomas Jurco.
7:32 of 2nd period - Shot Blocked by Brandon McMillan.
7:34 of 2nd period - Slapshot by Scott Harrington.
7:34 of 2nd period - Shot Blocked by Matt Tennyson.
7:36 of 2nd period - Slapshot by Scott Harrington.
7:36 of 2nd period - Shot Misses the Net.
7:56 of 2nd period - Slapshot by Dylan Blujus.
7:56 of 2nd period - Shot Misses the Net.
7:58 of 2nd period - Snap shot by Tomas Jurco.
7:58 of 2nd period - Shot Blocked by Travis Sanheim.
8:00 of 2nd period - Wrist shot by Blake Coleman.
8:00 of 2nd period - Shot Blocked by Travis Sanheim.
8:02 of 2nd period - Snap shot by Blake Coleman.
8:02 of 2nd period - Shot Misses the Net.
8:08 of 2nd period - Snap shot by Jan Mursak.
8:08 of 2nd period - Deflect By Tomas Jurco.
8:08 of 2nd period - Shot Blocked by Travis Sanheim.
8:08 of 2nd period - Puck is out of play.
8:09 of 2nd period - Chris Tierney wins face-off versus Zemgus Girgensons in Atomiques zone.
9:17 of 2nd period - Dennis Everberg is hit by Mason Geertsen and loses puck.
9:42 of 2nd period - Colby Cohen is hit by Nick Foligno and loses puck.
9:59 of 2nd period - Snap shot by Jack Skille.
9:59 of 2nd period - Shot Misses the Net.
10:36 of 2nd period - Dylan Blujus is hit by Nikolaj Ehlers and loses puck.
10:58 of 2nd period - Connor Clifton is hit by Keegan Lowe and loses puck.
11:23 of 2nd period - Michal Repik is hit by Matt Tennyson and loses puck.
11:39 of 2nd period - Jan Mursak is hit by John Draeger and loses puck.
11:52 of 2nd period - Nick Foligno is hit by William Nylander and loses puck.
13:09 of 2nd period - Keegan Lowe is hit by Dennis Everberg and loses puck.
14:00 of 2nd period - Adam Ollas-Mattsson is hit by Travis Sanheim.
14:23 of 2nd period - Colby Cohen is hit by Patrick Maroon and loses puck.
14:40 of 2nd period - Wrist shot by Michael Chaput.
14:40 of 2nd period - Goal by Michael Chaput - Atomiques : 2 - Senators : 2.
14:41 of 2nd period - Chris Tierney wins face-off versus Zemgus Girgensons in neutral zone.
15:45 of 2nd period - Bobby Farnham is hit by Dylan Blujus and loses puck.
15:57 of 2nd period - Icing by John Draeger.
15:58 of 2nd period - Blake Coleman wins face-off versus Jacob De La Rose in Atomiques zone.
16:05 of 2nd period - Snap shot by Jan Mursak.
16:05 of 2nd period - Shot Misses the Net.
16:11 of 2nd period - Slapshot by Brandon McMillan.
16:11 of 2nd period - Shot Blocked by Mason Geertsen.
16:13 of 2nd period - Slapshot by John Draeger.
16:13 of 2nd period - Stopped by Justin Peters without a rebound.
16:14 of 2nd period - Chris Tierney wins face-off versus Zemgus Girgensons in Senators zone.
18:21 of 2nd period - Snap shot by Andy Andreoff.
18:21 of 2nd period - Stopped by Andrew Hammond with a rebound.
18:23 of 2nd period - Slapshot by Adam Ollas-Mattsson.
18:23 of 2nd period - Shot Misses the Net.
18:25 of 2nd period - Wrist shot by Maxim Letunov.
18:25 of 2nd period - Stopped by Andrew Hammond with a rebound.
18:54 of 2nd period - John Draeger is hit by Tomas Jurco.
19:39 of 2nd period - Wrist shot by Bobby Farnham.
19:39 of 2nd period - Stopped by Justin Peters with a rebound.
19:41 of 2nd period - Snap shot by John Draeger.
19:41 of 2nd period - Stopped by Justin Peters with a rebound.
19:43 of 2nd period - Slapshot by John Draeger.
19:43 of 2nd period - Shot Blocked by Jack Dougherty.
19:47 of 2nd period - Snap shot by Brandon McMillan.
19:47 of 2nd period - Shot Misses the Net.
19:49 of 2nd period - Snap shot by Bobby Farnham.
19:49 of 2nd period - Goal by Bobby Farnham - Atomiques : 3 - Senators : 2.
19:50 of 2nd period - Chris Tierney wins face-off versus Zemgus Girgensons in neutral zone.
19:58 of 2nd period - Minor Penalty to Matt Frattin for High sticking.
19:59 of 2nd period - Nick Foligno wins face-off versus Chris Tierney in Senators zone.
Goals for this period are 2 for Atomiques vs 1 for Senators.
Shots for this period are 8 for Atomiques vs 7 for Senators.
3rd period
0:01 of 3rd period - Chris Tierney wins face-off versus Nick Foligno in neutral zone.
0:32 of 3rd period - Jan Mursak is hit by Nikolaj Ehlers and loses puck.
1:58 of 3rd period - Penalty to Matt Frattin is over, Matt Frattin is back on ice.
2:08 of 3rd period - Off-side.
2:09 of 3rd period - Jacob De La Rose wins face-off versus Blake Coleman in neutral zone.
2:45 of 3rd period - Connor Clifton is hit by Blake Coleman.
2:51 of 3rd period - Bobby Farnham is hit by Keegan Lowe and loses puck.
3:06 of 3rd period - Wrist shot by Brandon McMillan.
3:06 of 3rd period - Goal by Brandon McMillan - Atomiques : 4 - Senators : 2.
3:07 of 3rd period - Zemgus Girgensons wins face-off versus Chris Tierney in neutral zone.
3:18 of 3rd period - Snap shot by Matt Frattin.
3:18 of 3rd period - Stopped by Andrew Hammond without a rebound.
3:19 of 3rd period - Chris Tierney wins face-off versus Zemgus Girgensons in Atomiques zone.
3:43 of 3rd period - Minor Penalty to Scott Harrington for Boarding.
3:44 of 3rd period - Nick Foligno wins face-off versus Chris Tierney in Senators zone.
3:53 of 3rd period - Nick Foligno is hit by Travis Sanheim and loses puck.
4:26 of 3rd period - Jan Mursak is hit by John Draeger and loses puck.
4:53 of 3rd period - Snap shot by Andy Andreoff.
4:53 of 3rd period - Shot Blocked by Travis Sanheim.
4:55 of 3rd period - Slapshot by Keegan Lowe.
4:55 of 3rd period - Shot Hit the Post.
4:57 of 3rd period - Wrist shot by Jack Dougherty.
4:57 of 3rd period - Stopped by Andrew Hammond without a rebound.
4:58 of 3rd period - Matt Frattin wins face-off versus Christoph Bertschy in Atomiques zone.
5:05 of 3rd period - Wrist shot by Matt Frattin.
5:05 of 3rd period - Shot Blocked by Travis Sanheim.
5:07 of 3rd period - Slapshot by Adam Ollas-Mattsson.
5:07 of 3rd period - Stopped by Andrew Hammond without a rebound.
5:08 of 3rd period - Nick Foligno wins face-off versus Chris Tierney in Atomiques zone.
5:43 of 3rd period - Penalty to Scott Harrington is over, Scott Harrington is back on ice.
5:53 of 3rd period - Slapshot by Brandon McMillan.
5:53 of 3rd period - Shot Misses the Net.
6:01 of 3rd period - Snap shot by Matt Frattin.
6:01 of 3rd period - Shot Misses the Net.
6:03 of 3rd period - Snap shot by Matt Frattin.
6:03 of 3rd period - Stopped by Andrew Hammond with a rebound.
6:07 of 3rd period - Slapshot by Matt Frattin.
6:07 of 3rd period - Stopped by Andrew Hammond without a rebound.
6:08 of 3rd period - Chris Tierney wins face-off versus Blake Coleman in Atomiques zone.
7:04 of 3rd period - Icing by Jack Skille.
7:05 of 3rd period - Zemgus Girgensons wins face-off versus Christoph Bertschy in Atomiques zone.
7:40 of 3rd period - Wrist shot by Chris Tierney.
7:40 of 3rd period - Shot Blocked by Keegan Lowe.
7:40 of 3rd period - Keegan Lowe from Senators is injured at 7:40 of 3rd period (Lower Body).
7:41 of 3rd period - Chris Tierney wins face-off versus Zemgus Girgensons in Senators zone.
7:44 of 3rd period - Snap shot by Brandon Saad.
7:44 of 3rd period - Shot Blocked by Dylan Blujus.
7:46 of 3rd period - Wrist shot by Dennis Everberg.
7:46 of 3rd period - Shot Blocked by Zemgus Girgensons.
8:08 of 3rd period - Michael Chaput is hit by Jan Mursak and loses puck.
8:38 of 3rd period - Minor Penalty to Jack Dougherty for Interference.
8:39 of 3rd period - Nick Foligno wins face-off versus Chris Tierney in Senators zone.
8:47 of 3rd period - Slapshot by Travis Sanheim.
8:47 of 3rd period - Shot Blocked by Dylan Blujus.
8:49 of 3rd period - Snap shot by Dennis Everberg.
8:49 of 3rd period - Shot Blocked by Jan Mursak.
8:51 of 3rd period - Wrist shot by Dennis Everberg.
8:51 of 3rd period - Stopped by Justin Peters without a rebound.
8:52 of 3rd period - Chris Tierney wins face-off versus Nick Foligno in Senators zone.
8:53 of 3rd period - Snap shot by Brandon Saad.
8:53 of 3rd period - Deflect By Dennis Everberg.
8:53 of 3rd period - Stopped by Justin Peters with a rebound.
8:55 of 3rd period - Slapshot by Travis Sanheim.
8:55 of 3rd period - Shot Blocked by Dylan Blujus.
8:57 of 3rd period - Slapshot by Brandon Saad.
8:57 of 3rd period - Deflect By Dennis Everberg.
8:57 of 3rd period - Stopped by Justin Peters without a rebound.
8:58 of 3rd period - Chris Tierney wins face-off versus Nick Foligno in Senators zone.
9:01 of 3rd period - Wrist shot by Chris Tierney.
9:01 of 3rd period - Stopped by Justin Peters with a rebound.
9:03 of 3rd period - Wrist shot by Chris Tierney.
9:03 of 3rd period - Stopped by Justin Peters without a rebound.
9:04 of 3rd period - Nick Foligno wins face-off versus Chris Tierney in Senators zone.
9:15 of 3rd period - Jan Mursak is hit by Brandon Saad.
10:38 of 3rd period - Penalty to Jack Dougherty is over, Jack Dougherty is back on ice.
10:54 of 3rd period - Slapshot by Adam Ollas-Mattsson.
10:54 of 3rd period - Stopped by Andrew Hammond with a rebound.
10:56 of 3rd period - Slapshot by Mason Geertsen.
10:56 of 3rd period - Shot Misses the Net.
10:58 of 3rd period - Slapshot by Adam Ollas-Mattsson.
10:58 of 3rd period - Shot Misses the Net.
11:52 of 3rd period - Patrick Maroon is hit by Colby Cohen and loses puck.
12:21 of 3rd period - Scott Harrington is hit by John Draeger and loses puck.
12:34 of 3rd period - Adam Ollas-Mattsson is hit by Chris Tierney and loses puck.
12:45 of 3rd period - Colby Cohen is hit by Matt Frattin and loses puck.
12:52 of 3rd period - Connor Clifton is hit by Mason Geertsen and loses puck.
13:03 of 3rd period - Connor Clifton is hit by Mason Geertsen and loses puck.
13:24 of 3rd period - Wrist shot by Dennis Everberg.
13:24 of 3rd period - Stopped by Justin Peters without a rebound.
13:25 of 3rd period - Chris Tierney wins face-off versus Nick Foligno in Senators zone.
14:18 of 3rd period - Snap shot by Michael Chaput.
14:18 of 3rd period - Stopped by Justin Peters without a rebound.
14:19 of 3rd period - Nick Foligno wins face-off versus Chris Tierney in Senators zone.
14:21 of 3rd period - Icing by Grant Besse.
14:22 of 3rd period - Chris Tierney wins face-off versus Nick Foligno in Senators zone.
14:53 of 3rd period - Wrist shot by Jan Mursak.
14:53 of 3rd period - Stopped by Andrew Hammond without a rebound.
14:54 of 3rd period - Chris Tierney wins face-off versus Zemgus Girgensons in Atomiques zone.
15:01 of 3rd period - Icing by Dylan Blujus.
15:02 of 3rd period - Zemgus Girgensons wins face-off versus Chris Tierney in Senators zone.
15:36 of 3rd period - Snap shot by Dennis Everberg.
15:36 of 3rd period - Stopped by Justin Peters without a rebound.
15:37 of 3rd period - Blake Coleman wins face-off versus Christoph Bertschy in Senators zone.
15:37 of 3rd period - Blake Coleman is hit by John Draeger.
15:50 of 3rd period - Off-side.
15:51 of 3rd period - Zemgus Girgensons wins face-off versus Christoph Bertschy in neutral zone.
16:00 of 3rd period - Snap shot by Matt Frattin.
16:00 of 3rd period - Stopped by Andrew Hammond without a rebound.
16:01 of 3rd period - Zemgus Girgensons wins face-off versus Christoph Bertschy in Atomiques zone.
16:04 of 3rd period - Wrist shot by Nick Foligno.
16:04 of 3rd period - Shot Misses the Net.
16:07 of 3rd period - Icing by Travis Sanheim.
16:08 of 3rd period - Zemgus Girgensons wins face-off versus Christoph Bertschy in Atomiques zone.
16:09 of 3rd period - Wrist shot by Matt Frattin.
16:09 of 3rd period - Deflect By Nick Foligno.
16:09 of 3rd period - Stopped by Andrew Hammond with a rebound.
16:15 of 3rd period - Nick Foligno is hit by Christoph Bertschy and loses puck.
16:41 of 3rd period - Snap shot by Jack Skille.
16:41 of 3rd period - Shot Misses the Net.
16:43 of 3rd period - Snap shot by Travis Sanheim.
16:43 of 3rd period - Shot Misses the Net.
16:49 of 3rd period - Wrist shot by Taylor Beck.
16:49 of 3rd period - Shot Misses the Net.
16:57 of 3rd period - Snap shot by Taylor Beck.
16:57 of 3rd period - Stopped by Justin Peters without a rebound.
16:58 of 3rd period - Michal Repik wins face-off versus Chris Tierney in Senators zone.
17:23 of 3rd period - Wiley Sherman is hit by Tomas Jurco and loses puck.
17:28 of 3rd period - Wrist shot by Jan Mursak.
17:28 of 3rd period - Shot Misses the Net.
17:30 of 3rd period - Slapshot by Jack Dougherty.
17:30 of 3rd period - Stopped by Andrew Hammond with a rebound.
17:32 of 3rd period - Wrist shot by Tomas Jurco.
17:32 of 3rd period - Goal by Tomas Jurco - Atomiques : 4 - Senators : 3.
17:33 of 3rd period - Zemgus Girgensons wins face-off versus Christoph Bertschy in neutral zone.
17:36 of 3rd period - Snap shot by Matt Frattin.
17:36 of 3rd period - Goal by Matt Frattin - Atomiques : 4 - Senators : 4.
17:37 of 3rd period - Zemgus Girgensons wins face-off versus Christoph Bertschy in neutral zone.
17:42 of 3rd period - Snap shot by Nick Foligno.
17:42 of 3rd period - Shot Misses the Net.
17:44 of 3rd period - Snap shot by Nick Foligno.
17:44 of 3rd period - Stopped by Andrew Hammond with a rebound.
17:46 of 3rd period - Wrist shot by Matt Frattin.
17:46 of 3rd period - Goal by Matt Frattin - Atomiques : 4 - Senators : 5.
17:47 of 3rd period - Christoph Bertschy wins face-off versus Nick Foligno in neutral zone.
18:12 of 3rd period - Michal Repik is hit by Dennis Everberg and loses puck.
18:21 of 3rd period - Wrist shot by Chris Tierney.
18:21 of 3rd period - Shot Misses the Net.
18:23 of 3rd period - Slapshot by Matt Tennyson.
18:23 of 3rd period - Shot Blocked by Michal Repik.
18:43 of 3rd period - Snap shot by Nikolaj Ehlers.
18:43 of 3rd period - Deflect By Tomas Jurco.
18:43 of 3rd period - Stopped by Justin Peters with a rebound.
18:59 of 3rd period - Backhand shot by Dylan Blujus.
18:59 of 3rd period - Deflect By Zemgus Girgensons.
18:59 of 3rd period - Shot Blocked by John Draeger.
18:59 of 3rd period - Puck is out of play.
19:00 of 3rd period - Denis Savard call a timeout for Atomiques.
19:00 of 3rd period - Zemgus Girgensons wins face-off versus Chris Tierney in Atomiques zone.
19:01 of 3rd period - Wrist shot by Matt Frattin.
19:01 of 3rd period - Stopped by Andrew Hammond with a rebound.
19:10 of 3rd period - Off-side.
19:11 of 3rd period - Zemgus Girgensons wins face-off versus Brandon Saad in neutral zone.
19:24 of 3rd period - Atomiques, Andrew Hammond is pulled from the net.
19:30 of 3rd period - Wrist shot by Brandon Saad.
19:30 of 3rd period - Shot Misses the Net.
19:52 of 3rd period - Snap shot by Brandon Saad.
19:52 of 3rd period - Shot Blocked by Scott Harrington.
19:54 of 3rd period - Snap shot by Matt Tennyson.
19:54 of 3rd period - Stopped by Justin Peters without a rebound.
19:55 of 3rd period - Nikolaj Ehlers wins face-off versus Zemgus Girgensons in Senators zone.
Goals for this period are 1 for Atomiques vs 3 for Senators.
Shots for this period are 12 for Atomiques vs 15 for Senators.
Back to the Top